 Dungeon Crawl Stone Soup version 0.25.1-2-g60ff931df9 (webtiles) character file.

Game seed: 2231429937174842278

72 funkygono the Conjurer (level 4, -4/33 HPs)
             Began as a Draconian Conjurer on Oct 12, 2020.
             Killed by nerve-wracking pain
             ... invoked by an orc priest
              (9 damage)
             ... on level 3 of the Dungeon.
             The game lasted 00:04:37 (3032 turns).

funkygono the Conjurer (Draconian Conjurer)         Turns: 3032, Time: 00:04:37

Health: -4/33      AC:  6    Str: 10    XL:     4   Next: 7%
Magic:  0/7        EV: 12    Int: 16    God:
Gold:   136        SH:  0    Dex: 12    Spells: 2/8 levels left

rFire    . . .     SeeInvis .   f - staff of wizardry
rCold    . . .     Gourm    .   (no shield)
rNeg     . . .     Faith    .   (armour unavailable)
rPois    .         Spirit   .   (helmet restricted)
rElec    .         Reflect  .   (no cloak)
rCorr    .         Harm     .   (no gloves)
MR       .....                  a - +0 pair of boots
Stlth    ++........             (no amulet)
HPRegen  0.11/turn              (no ring)
MPRegen  0.10/turn              (no ring)

@: no status effects
A: unfitting armour, cold-blooded, AC +5
a: no special abilities


You were on level 3 of the Dungeon.
You were not hungry.

You visited 1 branch of the dungeon, and saw 3 of its levels.

You collected 136 gold pieces.

Inventory:

Hand Weapons
 i - a +0 mace
Armour
 a - a +0 pair of boots (worn)
 e - a +0 buckler
Magical Staves
 f - an uncursed staff of wizardry (weapon)
Scrolls
 h - a scroll of fog
Potions
 d - a potion of mutation
Comestibles
 b - 5 rations
 c - a chunk of flesh


   Skills:
 * Level 2.0 Dodging
 - Level 1.7 Stealth
 * Level 2.5 Spellcasting
 * Level 5.2 Conjurations


You had 2 spell levels left.
You knew the following spells:

 Your Spells              Type           Power        Failure   Level  Hunger
a - Magic Dart            Conj           ###.         1%          1    #......
b - Searing Ray           Conj           ###...       1%          2    ##.....
c - Dazzling Flash        Conj/Hex       ##....       9%          3    ###....

Your spell library contained the following spells:

 Spells                   Type           Power        Failure   Level  Hunger
 Fulminant Prism          Conj/Hex       ##........   26%         4    #####..
 Iskenderun's Mystic Bla  Conj/Tloc      ##......     26%         4    #####..


Dungeon Overview and Level Annotations

Branches:
Dungeon (3/15)

Altars:
Hepliaklqana


Innate Abilities, Weirdness & Mutations

Your plain brown scales are hard. (AC +5)
You cannot fit into any form of body armour.
You are cold-blooded and may be slowed by cold attacks.


Message History

Beogh smites you!
You hit the orc priest but do no damage.
The orc priest is almost dead.
The orc priest hits you but does no damage.
You hit the orc priest but do no damage.
The orc priest is almost dead.
A worm comes into view.
The orc priest invokes the aid of Beogh against you.
Pain shoots through your body!
* * * LOW HITPOINT WARNING * * *
Casting: Searing Ray (safe; 1% risk of failure)
Confirm with . or Enter, or press ? or * to list all spells.
Aiming: Magic Dart (safe; 1% risk of failure)
Press: ? - help, Shift-Dir - straight line, f - orc priest
Aim: an orc priest, wielding a +0 club and wearing a cursed +0 chain mail (almost dead)
The magic dart hits the orc priest but does no damage.
The orc priest is almost dead.
The orc priest invokes the aid of Beogh against you.
Pain shoots through your body!
You die...

############
#..........#
#.###..###.#
#.###..###.#
#.#.....##.###
#.#.#......<.#####.#
#..........#.<@o.).#
####.##############w#
#...........
#.##..#####. #.##..#
#.##..# #.###.# .
#.###.#####...
#..(..........


You could see a worm and an orc priest.

Vanquished Creatures
  2 adders (D:2)
  A worm (D:2)
  A dart slug (D:1)
  A leopard gecko (D:2)
  2 orcs (D:3)
  6 giant cockroaches
  9 goblins
  2 hobgoblins (D:1)
  A quokka (D:3)
  7 bats
  5 frilled lizards
  3 kobolds
  7 rats
47 creatures vanquished.

Notes
Turn   | Place    | Note
-------+----------+-------------------------------------------
     0 | D:1      | funkygono the Draconian Conjurer began the quest for the
                  | Orb.
     0 | D:1      | Reached XP level 1. HP: 14/14 MP: 3/3
   488 | D:1      | Reached XP level 2. HP: 17/20 MP: 0/5
   492 | D:1      | Learned a level 2 spell: Searing Ray
  1324 | D:2      | Found a faded altar of an unknown god.
  1351 | D:2      | Reached XP level 3. HP: 26/26 MP: 2/6
  1393 | D:2      | Learned a level 3 spell: Dazzling Flash
  2206 | D:2      | Reached skill level 5 in Conjurations
  2772 | D:2      | Found a hazy altar of Hepliaklqana.
  2931 | D:3      | Reached XP level 4. HP: 33/33 MP: 1/7
  3032 | D:3      | Killed from afar by an orc priest

Illustrated notes

Levels and vault maps discovered:
D:1:      dpeg_arrival_short_road, layout_basic
D:2:      layout_basic, lemuel_coloured_pillars_altar,
          chequers_ecumenical_altar_island, minmay_goblin_outpost
D:3:      layout_loops_cross, eat_drink_and_be_merry_uskayaw, uniq_natasha

Skill      XL: |  1  2  3 |
---------------+----------+-----
Conjurations   | 5 |  5.2
Dodging        | 2 |  2.0
Stealth        | |  1.7
Spellcasting   | |  2.5

Action                   |  1- 3 |  4- 6 || total
-------------------------+-------+-------++-------
Melee: Unarmed           |     7 |       ||     7
       Mace              |     3 |       ||     3
       Club              |     2 |       ||     2
       Staff             |    11 |     3 ||    14
       Tailslap          |     1 |       ||     1
 Cast: Magic Dart        |    83 |     3 ||    86
       Searing Ray       |     7 |     1 ||     8
  Use: Scroll            |     3 |       ||     3
  Eat: Chunk             |     7 |     1 ||     8
Armor: Skin              |     4 |     1 ||     5
Dodge: Dodged            |    14 |     1 ||    15
